 Dungeon Crawl Stone Soup version 0.24.1-14-gf8d2b509d9 (webtiles) character file.

Game seed: 15154798029741920173, levelgen mode: deterministic

372 tkbsonic5 the Gusty (level 6, -5/34 HPs)
             Began as a Tengu Air Elementalist on Jan 9, 2023.
             Was an Initiate of Ashenzari.
             Shot with an arrow by a centaur (16 damage)
             ... on level 5 of the Dungeon.
             The game lasted 00:36:33 (4454 turns).

tkbsonic5 the Gusty (Tengu Air Elementalist)        Turns: 4454, Time: 00:36:34

Health: -5/34      AC:  2    Str:  9    XL:     6   Next: 71%
Magic:  5/21       EV: 15    Int: 17    God:    Ashenzari [......]
Gold:   201        SH:  0    Dex: 14    Spells: 1/12 levels left

rFire    . . .     SeeInvis .   r - +0 rapier (curse)
rCold    . . .     Gourm    .   (no shield)
rNeg     . . .     Faith    .   a - +0 robe
rPois    .         Spirit   .   (helmet restricted)
rElec    .         Reflect  .   (no cloak)
rCorr    .         Harm     .   (no gloves)
MR       .....                  (boots unavailable)
Stlth    ++........             (no amulet)
HPRegen  0.11/turn              b - ring of magical power (curse)
MPRegen  0.17/turn              (no ring)

@: flying quickly and evasively, very slightly contaminated, quick
A: beak, talons 3, able to fly
a: Stop Flying, Curse Item, Renounce Religion


You were on level 5 of the Dungeon.
You worshipped Ashenzari.
Ashenzari was noncommittal.
You were hungry.

You visited 1 branch of the dungeon, and saw 5 of its levels.

You collected 201 gold pieces.

Inventory:

Hand Weapons
 f - a +2 vampiric dagger
 r - a cursed +0 rapier (weapon)
 u - a +0 hunting sling
 x - a cursed -1 long sword
 B - a +0 spear
 C - a +0 trident
Missiles
 o - 43 arrows
 w - 23 sling bullets
 y - 2 silver javelins (quivered)
Armour
 a - a +0 robe (worn)
 h - a +0 ring mail
 q - a +0 leather armour
Jewellery
 b - a cursed ring of magical power (left hand)
 l - an uncursed ring of protection from fire
 s - an uncursed ring of fire
 v - an uncursed ring of wizardry
Wands
 z - a wand of digging (6)
 G - a wand of iceblast (12)
Scrolls
 g - 3 scrolls of fog
 A - a scroll of teleportation
 E - 2 scrolls of remove curse
 F - a scroll of amnesia
 H - a scroll of identify {unknown}
Potions
 d - 3 potions of might {unknown}
 e - a potion of haste {unknown}
 i - a potion of mutation {unknown}
 j - 3 potions of invisibility {unknown}
 k - a potion of curing {unknown}
 m - 2 potions of lignification {unknown}
 n - a potion of ambrosia {unknown}
 p - a potion of heal wounds {unknown}
 t - a potion of brilliance {unknown}
 D - a potion of degeneration {unknown}
Comestibles
 c - 6 rations


   Skills:
 - Level 1.3 Fighting
   Level 0.2 Maces & Flails
 - Level 2.1 Dodging
 - Level 2.0 Stealth
 * Level 3.8 Spellcasting
 * Level 4.4 Conjurations
   Level 0.7 Charms
 * Level 6.3 Air Magic


You had one spell level left.
You knew the following spells:

 Your Spells              Type           Power        Failure   Level  Hunger
a - Shock                 Conj/Air       ###.         1%          1    None
b - Airstrike             Air            ###.......   12%         4    ####...
c - Static Discharge      Conj/Air       ###.....     5%          3    ###....
d - Mephitic Cloud        Conj/Pois/Air  ###.....     11%         3    ###....

Your spell library contained the following spells:

 Spells                   Type           Power        Failure   Level  Hunger
 Magic Dart               Conj           ###.         2%          1    None
 Beastly Appendage        Tmut           #.....       16%         1    None
 Swiftness                Chrm/Air       ###.....     5%          2    ##.....
 Conjure Flame            Conj/Fire      ##......     19%         3    ###....
 Blink                    Tloc           N/A          24%         2    ##.....
 Call Imp                 Summ           #.......     24%         2    ##.....
 Slow                     Hex            #.......     24%         2    ##.....
 Sticks to Snakes         Tmut           #.......     24%         2    ##.....
 Spider Form              Tmut/Pois      #.........   43%         3    ###....
 Lightning Bolt           Conj/Air       ###.......   43%         5    ######.
 Ice Form                 Ice/Tmut       #.......     85%         4    ####...
 Blade Hands              Tmut           #.........   99%         5    ######.


Dungeon Overview and Level Annotations

Branches:
Dungeon (5/15)
 Temple: D:4-7

Altars:
Ashenzari

Annotations:
D:2 Sigmund


Innate Abilities, Weirdness & Mutations

You have a beak for a mouth.
You have claws for feet.
You can fly continuously.


Message History

You feel momentarily weightless.
You are feeling hungry.
The centaur shoots an arrow.
The arrow hits you!
Okay, then.
Okay, then.
Okay, then.
Okay, then.
Okay, then.
Okay, then.
Okay, then.
Okay, then.
Casting: Airstrike (safe; 12% risk of failure)
Confirm with . or Enter, or press ? or * to list all spells.
Aiming: Airstrike (safe; 12% risk of failure)
Press: ? - help, Dir - move target cursor, f/p - centaur
Aim: a centaur, wielding a +0 shortbow (heavily wounded)
The air twists around and strikes the centaur.
The centaur is severely wounded.
The centaur shoots an arrow.
The arrow hits you!
You die...

######### ........#
........# ........######
.............######
#####....@....... ######
#................
.....###....#####.......
............#### .......
...............# ###†..c
####...........# ....
####...........# ...
................. ..
...#####..[.....#


You could see a centaur.

Vanquished Creatures
  A scorpion (D:4)
  A centaur skeleton (D:4)
  An orc wizard (D:4)
  2 hounds (D:4)
  A worker ant (D:4)
  A hound skeleton (D:4)
  7 adders
  An ooze (D:3)
  An adder skeleton (D:4)
  4 worms
  4 dart slugs
  6 leopard geckos
  5 orcs
  2 giant cockroaches
  5 goblins
  10 hobgoblins
  2 jackals (D:3)
  A quokka (D:3)
  A ball python (D:4)
  9 bats
  7 frilled lizards
  A jackal zombie (D:5)
  8 kobolds
  5 rats
86 creatures vanquished.

Vanquished Creatures (others)
  A plant (D:4)
1 creature vanquished.

Grand Total: 87 creatures vanquished

Notes
Turn   | Place    | Note
-------+----------+-------------------------------------------
     0 | D:1      | tkbsonic5 the Tengu Air Elementalist began the quest for
                  | the Orb.
     0 | D:1      | Reached XP level 1. HP: 10/10 MP: 4/4
    93 | D:1      | Reached XP level 2. HP: 14/16 MP: 1/6
   134 | D:1      | Learned a level 2 spell: Swiftness
   435 | D:1      | Reached XP level 3. HP: 20/20 MP: 1/7
   499 | D:1      | Learned a level 3 spell: Static Discharge
   984 | D:2      | Noticed Sigmund
  1072 | D:2      | Reached skill level 1 in Fighting
  1447 | D:2      | Reached XP level 4. HP: 25/25 MP: 8/8
  2032 | D:3      | Reached skill level 5 in Air Magic
  2234 | D:3      | Learned a level 4 spell: Airstrike
  2412 | D:3      | Gained mutation: You can fly continuously. [Tengu growth]
  2412 | D:3      | Reached XP level 5. HP: 29/29 MP: 10/10
  2528 | D:3      | Found a shattered altar of Ashenzari.
  2563 | D:3      | Became a worshipper of Ashenzari the Shackled
  3578 | D:4      | Reached XP level 6. HP: 17/34 MP: 1/12
  3739 | D:4      | Learned a level 3 spell: Mephitic Cloud
  3829 | D:4      | Reached skill level 6 in Air Magic
  4346 | D:5      | Entered Level 5 of the Dungeon
  4454 | D:5      | Shot with an arrow by a centaur

Levels and vault maps discovered:
D:1:      dpeg_arrival_round_c, layout_rooms
D:2:      layout_loops_ring, uniq_sigmund, uniq_crazy_yiuf_cottage
D:3:      layout_loops_cross, ashenzari_conservatory_becter,
          cheibrodos_sewer_entry_bend
D:4:      layout_loops_ring, serial_bayou, serial_bayou_ford_a,
          serial_bayou_pond_a, serial_bayou_lagoon_a, serial_bayou_lake_a,
          serial_bayou_pond_e, first_ration
D:5:      layout_basic, hangedman_decor_growths, kennysheep_slug_shrine

Skill      XL: |  1  2  3  4  5  6 |
---------------+-------------------+-----
Conjurations   | 2 3 4 |  4.4
Fighting       | 1 |  1.3
Air Magic      | 5 6 |  6.3
Spellcasting   | 3 |  3.8
Maces & Flails | |  0.2
Dodging        | |  2.1
Stealth        | |  2.0
Charms         | |  0.7

Action                   |  1- 3 |  4- 6 || total
-------------------------+-------+-------++-------
Melee: Club              |     6 |       ||     6
       Kick              |     2 |       ||     2
       Peck              |     1 |       ||     1
       Dagger            |     6 |    13 ||    19
Throw: Javelin           |       |     6 ||     6
 Cast: Shock             |    68 |    70 ||   138
       Static Discharge  |     4 |    16 ||    20
       Airstrike         |       |    21 ||    21
Invok: Curse Item        |       |     1 ||     1
 Abil: Fly               |       |     1 ||     1
  Use: Scroll            |     5 |     4 ||     9
 Stab: Sleeping          |     1 |     2 ||     3
  Eat: Chunk             |     3 |     9 ||    12
       Ration            |       |     2 ||     2
Armor: Robe              |     5 |     3 ||     8
Dodge: Dodged            |     8 |    13 ||    21
